AoeStats
← TIMVP

Arena

510083853Analyzed
1v1 RM · 2d ago on Sep 29, 2026· 49m 4s· 2 players
Game mode
Random Map
Map size
Tiny (2 player)
Population
200
Speed
Normal
Resources
Standard
Victory
Conquest
Starting age
Dark Age
Ending age
Imperial Age
RankedLock teamsTeams togetherTeam positionsShared explorationLock speedFull tech treeHidden civsTurbo modeCheats
Victory
Defeat
🇵🇪 Romans · Peru
523
+14
🇦🇷 Sicilians · Argentina
480
-14
Neodanz
12:31 Feudal Age
13:37 Double-Bit Axe
14:59 Wheelbarrow
14:27 Town Watch
15:47 Horse Collar
21:09 Fletching
39:49 Castle Age
TIMVP
8:53 Loom
11:01 Feudal Age
11:28 Double-Bit Axe
14:53 Horse Collar
19:13 Castle Age
17:28 Gold Mining
17:27 Horse Collar
17:54 Man-at-Arms
18:37 Scale Mail Armor
21:02 Stone Mining
21:31 Long Swordsman
23:28 Heavy Plow
26:21 Forging
31:46 Gold Shaft Mining
35:45 Imperial Age
34:25 Wheelbarrow
35:57 Scale Barding Armor
36:08 Chain Mail Armor
37:49 Conscription
36:59 Legionary
40:25 Iron Casting
40:11 Chain Barding Armor
41:42 Elite Centurion
43:01 Plate Barding Armor
43:26 Blast Furnace
43:08 Siege Engineers
43:25 Ballistics
44:07 Hand Cart
45:37 Chemistry
46:23 Husbandry
46:37 Bloodlines
Connection lost

Rejoining the realm…

Still unreachable

The connection could not be restored.

Session expired

The server has moved on; the page needs a fresh start.